Map: Blackburn LE

Players

DPGrogue (Rogue)

  • Race: Zerg Zerg

Reynor - Winner!

  • Race: Zerg Zerg

Event: DreamHack SC2 Masters 2021 Summer

VOD

Have the link to the VOD?

Description

Time

  • Played on: July 4, 2021, 10:53 a.m.
  • Length: 8:13

All games in this series

Show
View Real Time Build Order
Export as new Build Order

DPGrogue Zerg 

Build Orders: Hatch First 

Get SALT Encoding   

  12  0:00  Drone  
  13  0:12  Overlord  
  13  0:17  Drone  
  14  0:30  Drone x2  
  14  0:35  Drone  
  17  0:52  Hatchery  
  17  0:54  Drone  
  17  0:58  Drone  
  18  1:10  Extractor  
  17  1:13  Spawning Pool  
  17  1:17  Drone  
  17  1:21  Drone  
  18  1:29  Drone  
  19  2:00  Zergling x6  
  22  2:03  Queen  
  22  2:05  Zergling x2  
  25  2:12  Metabolic Boost  
  25  2:13  Hatchery  
  24  2:17  Overlord  
  24  2:22  Zergling x2  
  25  2:25  Zergling x2  
  26  2:37  Zergling x2  
  26  2:44  Zergling x2  
  28  2:48  Zergling x2  
  29  2:57  Drone  
  29  3:07  Hatchery  
  29  3:08  Overlord  
  28  3:18  Drone  
  29  3:29  Drone x4  
  33  3:36  Queen  
  33  3:38  Drone  
  35  3:41  Drone  
  35  3:44  Drone  
  35  3:45  Drone  
  38  3:49  Drone x2  
  38  3:53  Drone  
  41  3:58  Overlord  
  40  4:05  Drone  
  40  4:14  Zergling x2  
  39  4:18  Queen, Baneling Nest  
  39  4:21  Zergling x6  
  42  4:27  Drone x2  
  42  4:31  Drone x3  
  44  4:35  Drone  
  46  4:39  Zergling x2  
  46  4:42  Zergling x4  
  49  4:47  Zergling x4  
  49  4:48  Zergling x4  
  49  4:51  Zergling x2  
  54  4:53  Zergling x2  
  54  4:56  Overlord  
  54  4:58  Zergling x2  
  56  5:01  Zergling x2  
  56  5:03  Zergling x2  
  56  5:07  Roach Warren  
  57  5:09  Baneling x2  
  57  5:13  Extractor, Overlord  
  57  5:14  Overlord  
  56  5:15  Zergling x6  
  56  5:20  Drone x2  
  56  5:21  Overlord  
  52  5:31  Zergling x10  
  56  5:39  Zergling x4  
  56  5:42  Zergling x6  
  60  5:44  Zergling x2  
  60  5:47  Overlord  
  60  5:49  Baneling x2  
  61  5:50  Zergling x8  
  61  5:52  Baneling x2  
  61  5:56  Zergling x4  
  64  6:01  Roach  
  64  6:06  Roach  
  64  6:09  Roach x4  
  74  6:14  Baneling x2  
  74  6:19  Roach  
  74  6:20  Roach x2  
  74  6:22  Roach  
  77  6:26  Roach  
  77  6:30  Roach  
  78  6:35  Roach  
  78  6:36  Roach x2  
  79  6:40  Zergling x2  
  79  6:43  Zergling x2  
  79  6:44  Zergling x8  
  84  6:52  Zergling x2  
  84  6:53  Zergling x6  
  87  6:55  Zergling x6  
  87  6:57  Zergling x2  
  87  6:59  Ravager x2  
  87  7:00  Zergling x2  
  79  7:02  Zergling x2  
  79  7:06  Zergling x2  
  79  7:07  Zergling x2  
  75  7:12  Zergling x2  
  65  7:17  Zergling x2  
  65  7:20  Zergling x2  
  65  7:22  Ravager  
  65  7:24  Zergling x2  
  65  7:25  Ravager  
  65  7:26  Zergling x2  
  65  7:29  Zergling x2  
  65  7:30  Zergling x2  
  65  7:32  Zergling x2  
  65  7:36  Zergling x2  
  68  7:39  Zergling x2  
  68  7:44  Zergling x6  
  69  7:45  Zergling x2  
  69  7:47  Baneling  
  69  7:49  Zergling x2  
  69  7:50  Zergling x2  
  63  7:53  Zergling x2  
  63  7:54  Zergling x2  
Show
View Real Time Build Order
Export as new Build Order

Reynor Zerg - Winner!

Build Orders: Pool First 

Get SALT Encoding   

  12  0:17  Spawning Pool  
  11  0:22  Drone  
  11  0:26  Drone  
  13  0:30  Drone  
  14  0:39  Overlord  
  14  1:04  Zergling x4  
  16  1:05  Zergling x2  
  17  1:16  Zergling x2  
  17  1:18  Hatchery  
  17  1:26  Zergling x2  
  18  1:36  Queen  
  18  1:38  Zergling x2  
  21  1:48  Overlord  
  21  1:58  Drone  
  22  2:10  Drone  
  22  2:12  Queen  
  25  2:23  Drone  
  25  2:29  Extractor  
  25  2:30  Zergling x2  
  25  2:32  Drone  
  27  2:41  Overlord  
  27  2:43  Drone  
  28  2:48  Drone x2  
  28  2:51  Drone  
  31  2:52  Drone  
  31  2:58  Drone  
  31  3:03  Drone  
  32  3:05  Queen  
  32  3:10  Drone  
  35  3:13  Drone  
  36  3:20  Drone, Overlord  
  36  3:21  Drone  
  37  3:29  Zergling x2  
  37  3:31  Drone x2  
  40  3:37  Evolution Chamber  
  40  3:39  Zergling x4  
  39  3:44  Zergling x2  
  40  3:55  Zergling x8  
  44  4:00  Metabolic Boost  
  44  4:06  Overlord  
  44  4:09  Drone  
  43  4:12  Drone  
  43  4:13  Drone  
  43  4:16  Drone  
  46  4:22  Drone  
  46  4:23  Drone  
  48  4:29  Drone, Baneling Nest  
  47  4:31  Drone  
  48  4:40  Drone  
  49  4:48  Hatchery, Drone  
  49  4:50  Drone  
  50  5:00  Zergling x6  
  50  5:01  Overlord  
  50  5:06  Zergling x4  
  54  5:08  Drone  
  54  5:13  Baneling x2  
  54  5:14  Zergling x2  
  56  5:17  Zergling x4  
  56  5:20  Zergling x8  
  56  5:21  Zergling x2  
  63  5:24  Zergling x2  
  63  5:35  Zergling x4  
  62  5:38  Zerg Ground Armor Level 1  
  62  5:42  Zergling x2  
  63  5:44  Drone  
  63  5:46  Extractor, Baneling  
  63  5:47  Zergling x6  
  66  5:51  Zergling x4  
  66  5:53  Overlord  
  66  5:55  Zergling x2  
  65  6:03  Zergling x2  
  64  6:05  Baneling  
  64  6:08  Extractor  
  64  6:09  Roach Warren  
  64  6:10  Zergling x4  
  62  6:18  Zergling x4  
  62  6:19  Zergling x8  
  62  6:21  Baneling x2  
  62  6:23  Zergling x4  
  65  6:33  Zergling x4  
  64  6:41  Baneling x3  
  64  6:43  Zergling x6  
  64  6:44  Zergling x2  
  58  6:56  Zergling x4  
  58  6:57  Queen  
  57  7:05  Overlord  
  57  7:07  Zergling x12  
  57  7:08  Zergling x2  
  61  7:14  Roach x3  
  62  7:17  Roach  
  62  7:20  Roach  
  62  7:22  Zergling x2  
  62  7:26  Zergling x2  
  62  7:28  Baneling  
  62  7:29  Zergling x6  
  60  7:33  Zergling x4  
  62  7:37  Zergling x2, Roach  
  62  7:41  Zergling x6  
  62  7:42  Zergling x6  
  69  7:50  Roach  
  64  7:54  Zergling x2  
  64  7:56  Zergling x2  
Tags
 
Add a new tag
Caveats
  • Supply blocks, unpowered buildings, or Contaminate may cause inaccurate times.
  • Supply counts are checked every 10 seconds.